Map: Jagannatha LE

Players

MysteryMan (Rilakkuma) - Winner!

  • Race: Zerg Zerg
  • Spawn Location: 1:00

ExpecT

  • Race: Terran Terran
  • Spawn Location: 7:00

Event: DreamHack SC2 Masters 2020 Winter

VOD

Have the link to the VOD?

Description

Time

  • Played on: Oct. 21, 2020, 10:19 a.m.
  • Length: 24:23

All games in this series

Show
View Real Time Build Order
Export as new Build Order

MysteryMan Zerg - Winner!

Build Orders: Hatch First, Muta Ling Bane 

Get SALT Encoding   

  12  0:00  Drone  
  13  0:11  Overlord  
  13  0:16  Drone  
  14  0:30  Drone x2  
  16  0:48  Hatchery  
  15  0:51  Drone  
  15  0:54  Drone  
  17  0:57  Drone  
  18  1:08  Extractor  
  17  1:13  Spawning Pool  
  17  1:16  Drone  
  17  1:20  Drone  
  18  1:27  Drone  
  19  1:38  Drone  
  20  1:48  Overlord  
  20  2:00  Queen x2  
  24  2:01  Zergling x2  
  24  2:02  Zergling x2  
  26  2:10  Drone  
  26  2:11  Drone  
  28  2:25  Drone x2  
  29  2:32  Drone x2  
  31  2:37  Spore Crawler  
  31  2:39  Metabolic Boost  
  31  2:40  Queen  
  32  2:51  Hatchery  
  32  2:52  Drone  
  32  2:56  Drone x2  
  35  3:00  Overlord  
  35  3:06  Drone  
  36  3:18  Queen  
  36  3:19  Drone x3  
  41  3:25  Overlord  
  42  3:27  Drone  
  42  3:31  Drone x2  
  44  3:39  Overlord  
  44  3:45  Zergling x4  
  44  3:47  Drone x2  
  48  3:52  Zergling x4  
  48  3:54  Drone  
  50  3:57  Queen  
  50  3:58  Spore Crawler  
  50  4:01  Drone x4  
  55  4:03  Overlord  
  55  4:05  Zergling x2  
  56  4:13  Zergling x2  
  56  4:14  Drone x2  
  59  4:17  Queen  
  59  4:22  Overlord, Spore Crawler  
  60  4:26  Drone  
  60  4:27  Drone  
  60  4:28  Drone x4  
  60  4:30  Overlord  
  66  4:35  Lair  
  66  4:40  Zergling x4, Baneling Nest  
  66  4:42  Drone  
  66  4:44  Drone  
  69  4:45  Drone  
  69  4:46  Drone  
  69  4:50  Extractor x2  
  69  4:51  Drone  
  70  4:56  Drone x4  
  70  4:59  Drone x2  
  76  5:02  Drone, Extractor  
  73  5:12  Zergling x10  
  78  5:15  Zergling x4  
  80  5:24  Baneling x3  
  77  5:29  Zergling x4  
  77  5:30  Zergling x4  
  77  5:31  Drone  
  77  5:32  Drone x2  
  77  5:33  Drone  
  81  5:42  Overlord  
  81  5:46  Overlord x2  
  81  5:51  Queen, Extractor  
  81  5:52  Evolution Chamber  
  81  5:54  Drone  
  82  5:59  Overlord x2  
  82  6:00  Queen, Drone x2  
  82  6:01  Drone  
  82  6:02  Drone  
  88  6:05  Hatchery  
  88  6:08  Drone  
  87  6:12  Extractor  
  87  6:16  Drone x2  
  87  6:18  Zerg Melee Weapons Level 1  
  87  6:19  Evolution Chamber  
  87  6:22  Zergling x6  
  86  6:26  Drone x3  
  86  6:32  Spore Crawler  
  84  6:33  Drone  
  84  6:34  Drone x6  
  84  6:37  Drone  
  92  6:41  Drone  
  92  6:46  Zerg Ground Armor Level 1  
  93  6:53  Zergling x12  
  99  6:55  Centrifical Hooks  
  99  6:57  Baneling x2  
  99  6:58  Baneling  
  99  6:59  Drone x3  
  102  7:01  Overlord  
  102  7:05  Zergling x6  
  102  7:08  Drone x2  
  107  7:14  Zergling x4  
  109  7:20  Drone x2  
  111  7:25  Spire  
  111  7:27  Zergling x18  
  119  7:35  Overlord  
  119  7:37  Zergling x6  
  119  7:43  Baneling x7  
  119  7:44  Baneling x6  
  122  7:45  Zergling x8  
  126  7:51  Zergling x6  
  126  7:52  Zergling x2  
  126  7:57  Zergling x18  
  139  8:02  Drone x2  
  139  8:05  Extractor  
  139  8:13  Zergling x2  
  139  8:14  Zergling x8  
  141  8:29  Drone  
  141  8:30  Drone x4  
  139  8:40  Mutalisk x4  
  144  8:42  Hatchery, Overlord x3  
  144  8:44  Zerg Ground Armor Level 2, Zerg Melee Weapons Level 2  
  144  8:46  Overlord  
  144  8:48  Zerg Flyer Weapons Level 1  
  143  8:50  Infestation Pit  
  142  8:58  Pneumatized Carapace  
  142  8:59  Mutalisk  
  142  9:01  Mutalisk x5  
  154  9:04  Zergling x8  
  158  9:10  Mutalisk x2  
  158  9:13  Drone x5  
  167  9:19  Drone x2  
  167  9:20  Drone  
  170  9:26  Drone x5  
  169  9:41  Zergling x18  
  177  9:48  Baneling  
  177  9:49  Baneling  
  153  10:03  Zergling x2  
  153  10:04  Zergling x24  
  137  10:12  Mutalisk x3  
  143  10:18  Mutalisk x4  
  143  10:19  Mutalisk  
  153  10:26  Zergling x6  
  153  10:27  Hatchery  
  155  10:31  Zergling x2, Baneling  
  155  10:32  Baneling x11  
  156  10:40  Mutalisk x3  
  156  10:42  Zergling x2  
  163  10:50  Zergling x6  
  163  10:54  Hive, Extractor  
  165  10:59  Hatchery  
  165  11:00  Zergling x8  
  165  11:01  Zergling x10  
  165  11:03  Drone x3  
  176  11:06  Baneling x6  
  176  11:07  Baneling  
  176  11:09  Overseer  
  168  11:30  Zergling x10  
  168  11:31  Zergling x18  
  174  11:35  Baneling x12  
  174  11:39  Zergling x10  
  163  11:53  Zergling x2  
  163  11:54  Zergling x14  
  171  11:59  Hatchery  
  157  12:03  Zergling x2  
  157  12:04  Zergling x6  
  136  12:12  Zergling x2  
  136  12:13  Zergling x4  
  136  12:15  Baneling x6  
  133  12:17  Mutalisk x2  
  133  12:20  Zergling x2  
  133  12:22  Zerg Flyer Weapons Level 2  
  136  12:30  Zergling x8  
  136  12:32  Baneling x6  
  136  12:34  Zerg Melee Weapons Level 3, Drone  
  136  12:35  Zerg Ground Armor Level 3  
  136  12:36  Zergling x2  
  142  12:39  Zergling x2  
  142  12:40  Queen  
  142  12:42  Zergling x2  
  146  12:45  Mutalisk x2  
  150  12:52  Zergling x4  
  150  12:57  Zergling x2  
  150  12:58  Zergling x12  
  159  13:02  Zergling x2  
  159  13:03  Zergling x2, Ultralisk Cavern  
  160  13:09  Overlord  
  160  13:10  Zergling x2  
  160  13:11  Zergling x8  
  160  13:12  Drone  
  166  13:18  Baneling x8  
  166  13:19  Baneling x10  
  166  13:22  Zergling x16  
  166  13:25  Baneling x5  
  166  13:26  Baneling x4  
  174  13:30  Zergling x10  
  174  13:33  Baneling x10  
  176  13:42  Zergling x4  
  176  13:43  Zergling x10  
  184  13:52  Overlord x2  
  184  13:54  Baneling x6  
  181  13:59  Hatchery  
  169  14:09  Ultralisk x2  
  173  14:10  Drone  
  173  14:11  Drone  
  173  14:12  Zergling x16, Extractor x2  
  173  14:16  Chitinous Plating  
  181  14:22  Zergling x2  
  181  14:23  Zergling x12  
  186  14:31  Zergling x2  
  186  14:32  Zergling x4, Hatchery  
  182  14:39  Zerg Flyer Weapons Level 3  
  182  14:45  Overseer x2  
  182  14:49  Zergling x18  
  191  15:03  Overlord x2  
  182  15:11  Zergling x4  
  182  15:12  Zergling x12  
  182  15:13  Baneling x6  
  182  15:14  Baneling x8  
  148  15:15  Zergling x8  
  148  15:16  Zergling x2  
  148  15:20  Drone x3  
  156  15:23  Drone  
  157  15:30  Zergling x12  
  163  15:41  Mutalisk  
  163  15:42  Mutalisk  
  162  15:44  Zergling x10  
  167  15:53  Anabolic Synthesis  
  167  15:54  Drone x4  
  170  16:04  Baneling x6  
  170  16:09  Zergling x10  
  173  16:15  Hatchery, Zergling x2  
  173  16:16  Zergling x10  
  170  16:18  Drone  
  161  16:28  Zergling x10  
  161  16:29  Zergling x12  
  139  16:41  Zergling x10  
  139  16:42  Zergling x14  
  138  16:48  Mutalisk x3  
  141  16:55  Mutalisk x2  
  141  16:56  Mutalisk x2  
  141  16:59  Zergling x2  
  141  17:00  Zergling x4  
  152  17:08  Ultralisk  
  158  17:10  Baneling x5  
  158  17:11  Baneling  
  158  17:16  Zergling x8  
  158  17:19  Baneling  
  158  17:20  Baneling x3  
  158  17:21  Baneling x3  
  162  17:23  Mutalisk  
  162  17:26  Zergling x4  
  162  17:27  Zergling x2  
  167  17:34  Mutalisk x3  
  173  17:42  Zergling x16  
  181  17:50  Drone x5  
  176  17:54  Drone x2  
  176  17:55  Drone x2  
  176  17:56  Drone x2  
  182  18:03  Zergling x8  
  186  18:08  Baneling  
  186  18:09  Drone, Baneling x8  
  186  18:10  Drone x3  
  190  18:34  Baneling  
  190  18:35  Baneling x10  
  190  18:37  Zergling x20, Hatchery  
  199  19:02  Baneling  
  199  19:03  Baneling x6  
  199  19:09  Zergling x2  
  184  19:10  Zergling x26  
  184  19:17  Ultralisk x3  
  184  19:20  Zergling x14  
  196  19:42  Baneling x7  
  196  19:43  Baneling x11  
  196  19:50  Baneling x9  
  196  19:51  Zergling x8  
  198  20:06  Corruptor x3  
  156  20:07  Corruptor x2  
  156  20:08  Corruptor  
  156  20:09  Corruptor x2  
  156  20:12  Drone x2, Corruptor x2  
  156  20:13  Corruptor  
  154  20:21  Zergling x18  
  162  20:36  Corruptor x2  
  162  20:37  Hatchery  
  162  20:41  Zergling x4  
  162  20:42  Zergling x6  
  170  20:46  Zergling x20  
  180  20:54  Zergling x6  
  180  20:56  Hatchery  
  180  20:57  Overseer x2  
  180  21:07  Zergling x22  
  180  21:11  Extractor  
  190  21:12  Zergling x6  
  190  21:15  Extractor  
  192  21:25  Baneling x8  
  192  21:28  Zergling x14  
  192  21:29  Zergling x2  
  197  21:53  Baneling x2  
  197  21:54  Baneling x2  
  197  21:55  Baneling x4  
  197  21:56  Hatchery  
  196  22:05  Extractor  
  196  22:07  Extractor  
  180  22:16  Zergling x2  
  180  22:17  Zergling x36  
  199  22:23  Baneling x12  
  199  22:30  Zergling x2  
  153  22:44  Zergling x2  
  153  22:45  Zergling x22  
  151  22:52  Zergling x2  
  151  22:53  Zergling x10  
  155  23:09  Baneling x10  
  155  23:10  Baneling x4  
  155  23:12  Zergling x30  
  170  23:19  Zergling x6  
  173  23:22  Baneling x7  
  173  23:23  Baneling x4  
  173  23:29  Zergling x2  
  173  23:30  Zergling x8  
  161  23:50  Zergling x34  
  162  24:04  Zergling x22  
  162  24:05  Zergling x2  
Show
View Real Time Build Order
Export as new Build Order

ExpecT Terran 

Build Orders: Liberator Opening, Reaper Expand 

Get SALT Encoding   

  12  0:00  SCV  
  13  0:12  SCV  
  14  0:17  Supply Depot  
  14  0:24  SCV  
  15  0:38  SCV  
  15  0:40  Barracks  
  16  0:44  Refinery  
  16  0:50  SCV  
  17  1:02  SCV  
  18  1:14  SCV  
  19  1:28  Reaper, Orbital Command  
  20  1:40  Command Center  
  20  1:51  Supply Depot  
  20  1:55  SCV  
  21  2:03  Marine  
  21  2:06  Factory  
  22  2:10  SCV  
  22  2:14  Refinery  
  23  2:22  SCV  
  24  2:29  Barracks Reactor  
  24  2:34  SCV  
  25  2:46  SCV  
  25  2:53  Orbital Command  
  25  2:58  SCV, Starport  
  26  3:10  SCV  
  26  3:11  Barracks Tech Lab  
  26  3:12  Hellion x2  
  31  3:18  SCV  
  32  3:22  SCV  
  33  3:27  Supply Depot  
  33  3:31  SCV  
  33  3:34  SCV, Hellion x2  
  38  3:39  Liberator  
  42  3:43  SCV  
  42  3:46  SCV  
  44  3:49  Stimpack  
  44  3:51  Supply Depot  
  44  3:57  SCV  
  44  3:58  SCV  
  44  3:59  Hellion x2  
  49  4:12  SCV x2  
  49  4:13  Armory  
  51  4:23  Hellion x2, Supply Depot  
  55  4:24  SCV x2  
  57  4:39  Liberator  
  57  4:43  SCV x2, Command Center  
  62  4:56  SCV x2  
  62  4:57  Barracks x2  
  64  5:00  Factory Tech Lab  
  64  5:03  Marine  
  64  5:06  Engineering Bay  
  65  5:07  Engineering Bay  
  65  5:10  SCV x2  
  65  5:14  Supply Depot  
  65  5:23  SCV x2  
  61  5:36  SCV x2  
  61  5:42  Combat Shield, Marine  
  62  5:43  Starport Reactor, Siege Tank  
  62  5:46  Refinery  
  62  5:48  Refinery  
  65  5:51  SCV  
  65  5:52  SCV  
  65  5:53  Barracks x2  
  65  5:55  Barracks Reactor  
  67  5:58  Orbital Command  
  67  5:59  Marine x2  
  67  6:00  Marine  
  67  6:03  Terran Infantry Weapons Level 1  
  70  6:09  SCV x2  
  72  6:14  Terran Infantry Armor Level 1  
  72  6:18  Orbital Command, Marine x3  
  75  6:22  SCV x2  
  77  6:31  Medivac x2  
  78  6:34  Supply Depot  
  78  6:35  SCV x2, Marine  
  78  6:36  Marine x2  
  78  6:39  Marine x2  
  85  6:41  Barracks Reactor  
  85  6:42  Barracks Reactor  
  82  6:47  SCV, Supply Depot  
  82  6:48  SCV  
  82  6:49  Siege Tank  
  82  6:50  SCV  
  82  6:53  Marine x2  
  82  6:54  Marine  
  91  6:57  Marine  
  91  6:59  Missile Turret  
  91  7:00  SCV x2  
  94  7:02  Missile Turret  
  94  7:04  Marine  
  94  7:06  SCV, Missile Turret  
  96  7:11  Marine x3  
  96  7:12  SCV x2  
  96  7:14  Medivac x2  
  96  7:15  Supply Depot, Marine  
  106  7:20  SCV  
  106  7:22  Marine  
  108  7:24  SCV  
  108  7:26  Refinery  
  109  7:36  SCV, Marine x4, Siege Tank  
  117  7:39  Supply Depot x2  
  117  7:40  Supply Depot  
  117  7:42  Factory  
  117  8:00  Marine x9  
  117  8:04  Supply Depot x2  
  126  8:08  Siege Tank  
  126  8:10  Command Center  
  129  8:18  Marine x8  
  137  8:28  Factory Reactor  
  137  8:30  Marine  
  121  8:36  Marine x2  
  123  8:43  Marine x2  
  123  8:44  Marine x4  
  123  8:45  Terran Infantry Armor Level 2, Terran Infantry Weapons Level 2  
  123  8:47  Medivac x2, Siege Tank  
  123  8:48  Marine  
  136  8:53  Marine x2  
  139  8:56  Barracks x2  
  139  8:58  Sensor Tower  
  139  8:59  Supply Depot, Barracks  
  139  9:01  Supply Depot  
  139  9:02  Supply Depot  
  139  9:03  Marine  
  139  9:04  Marine x5  
  139  9:06  Marine  
  139  9:09  Widow Mine x2  
  150  9:11  Marine  
  150  9:13  Marine  
  152  9:20  Widow Mine  
  152  9:21  Marine  
  155  9:28  Marine x4  
  155  9:29  Marine x2  
  160  9:42  Marine x2  
  160  9:43  Marine x3  
  151  9:46  Marine x5  
  151  9:47  Marine  
  151  9:51  Marine  
  153  9:54  Medivac  
  153  9:55  Medivac  
  153  9:57  Thor  
  153  9:58  Widow Mine x2  
  163  10:00  Marine x3  
  163  10:02  Marine x2  
  163  10:04  Marine x3  
  163  10:06  Marine x2  
  142  10:14  Marine x2  
  134  10:18  Marine x3  
  134  10:20  Planetary Fortress, Marine x2  
  134  10:21  Marine  
  134  10:22  Marine x2  
  134  10:23  Drilling Claws, Widow Mine x2  
  134  10:24  Marine x2  
  143  10:31  Marine  
  143  10:32  Marine  
  143  10:35  Missile Turret  
  145  10:36  Medivac x2, Marine  
  145  10:37  Marine x2  
  145  10:38  Marine x2  
  145  10:39  Marine x2  
  145  10:40  Marine  
  145  10:42  Missile Turret, Marine  
  158  10:43  SCV, Missile Turret  
  158  10:44  SCV  
  158  10:45  SCV  
  161  10:51  Thor  
  161  10:53  Widow Mine x2  
  161  10:54  Marine x3  
  175  11:00  Marine x2  
  175  11:01  Marauder, Marine x2  
  181  11:06  Supply Depot  
  181  11:08  Medivac x2  
  181  11:10  Barracks Tech Lab x2  
  185  11:12  Marine x2, Barracks Tech Lab  
  186  11:19  Command Center  
  186  11:22  Marauder  
  175  11:26  Marine x2  
  175  11:27  Marine  
  170  11:39  Medivac  
  160  11:40  Medivac, Thor  
  160  11:41  Widow Mine x2  
  160  11:44  Marauder, Marine x3  
  160  11:45  Marine x4  
  160  11:46  Marauder x2, Marine x2  
  172  12:02  Marine x3  
  172  12:03  Marine x3  
  172  12:05  Marauder  
  172  12:06  Marauder  
  149  12:12  Marine  
  149  12:13  Marauder x2, Marine  
  149  12:15  Widow Mine x2  
  145  12:19  Marine x2  
  143  12:23  Thor  
  143  12:30  Marauder, Marine x5  
  143  12:31  Marauder  
  143  12:35  Marauder, Marine x2  
  143  12:36  Widow Mine x2  
  160  12:37  Marine x2  
  160  12:41  Barracks  
  160  12:42  Barracks  
  162  12:47  Marine  
  163  12:52  Marauder, Marine x3  
  163  12:54  Marine  
  163  12:55  Marauder x2, Marine x3  
  163  12:56  Marauder  
  178  13:01  Terran Infantry Weapons Level 3  
  178  13:03  Terran Infantry Armor Level 3  
  178  13:05  Marine  
  178  13:06  Thor  
  178  13:09  Marine x2  
  178  13:10  Marine  
  188  13:23  Missile Turret x2, Marine  
  188  13:24  Marauder x4, Marine x2  
  188  13:26  Missile Turret  
  194  13:38  Marine  
  194  13:39  Marine  
  193  13:44  SCV  
  193  13:45  Marauder, Marine  
  193  13:47  Command Center  
  192  14:00  Marine  
  192  14:01  Marauder x2, Marine  
  183  14:03  Widow Mine x2  
  183  14:04  Widow Mine  
  183  14:08  SCV x2  
  186  14:14  Missile Turret  
  186  14:26  SCV x3  
  186  14:31  Missile Turret  
  189  14:34  Missile Turret  
  189  14:35  Widow Mine  
  189  14:36  Marine  
  192  14:50  Barracks Tech Lab x2  
  192  14:55  Marine  
  192  14:56  Marauder, Marine  
  192  14:58  Marauder, Marine  
  199  15:14  Medivac x2  
  165  15:15  Widow Mine x3  
  173  15:28  Marauder, Marine x2  
  173  15:29  Marauder x5, Marine  
  173  15:31  SCV  
  183  15:44  Widow Mine x3  
  183  15:46  Planetary Fortress  
  189  15:58  Marine  
  190  16:07  Widow Mine x3  
  190  16:08  Missile Turret x2  
  190  16:10  Missile Turret  
  193  16:11  Marine  
  193  16:12  Marauder, Marine  
  193  16:13  Missile Turret  
  193  16:16  Marine x2  
  193  16:17  Marine  
  164  16:35  Marauder, Marine x3  
  139  16:40  Marine x3  
  139  16:41  Marauder x2  
  139  16:46  Medivac x2  
  116  16:47  Widow Mine x3  
  108  16:59  Marauder x4, Marine x3  
  119  17:02  Marauder  
  119  17:08  Marauder, Marine  
  124  17:16  Medivac x2  
  124  17:18  Widow Mine  
  124  17:19  Widow Mine x2  
  124  17:20  Marauder x2, Marine x2  
  124  17:21  Marauder x2  
  144  17:24  Marine  
  144  17:25  Marauder, Marine x2  
  144  17:29  Marauder, Marine  
  151  17:30  Marine x2  
  154  17:40  Command Center  
  154  17:42  Marauder  
  156  17:48  Marauder, Marine x2  
  156  17:49  Marauder  
  156  17:50  Widow Mine x3  
  168  17:54  Marauder  
  168  17:55  Marauder  
  168  17:56  Medivac x2  
  168  17:57  Marine x2  
  168  17:58  Marauder, Marine x3  
  177  18:00  Marine  
  177  18:03  Marauder  
  178  18:07  Marine x2  
  178  18:10  Marauder x2  
  182  18:14  Widow Mine x3  
  182  18:15  Marine x2  
  182  18:16  Marauder  
  182  18:19  Marine x2  
  193  18:20  Marauder, Marine x2  
  193  18:24  Marauder  
  200  18:56  Command Center  
  190  19:14  Marine x3  
  190  19:15  Marauder  
  190  19:17  Medivac x2, Widow Mine x3  
  181  19:20  Planetary Fortress  
  181  19:22  SCV  
  181  19:23  SCV x3  
  189  19:29  Command Center  
  189  19:34  Marine x4  
  189  19:35  Marauder x3, Marine  
  200  20:06  Marauder, Marine x5  
  200  20:07  Marauder, Marine x2  
  158  20:09  Widow Mine x3  
  158  20:13  Marauder x3, Marine x2  
  131  20:23  Marine  
  131  20:28  Marauder x2  
  130  20:30  Widow Mine x3  
  130  20:31  Marauder  
  130  20:34  Marine x4  
  130  20:35  Marauder x3, Marine  
  149  20:38  Liberator x2  
  155  20:45  Orbital Command x2  
  155  20:49  Marauder  
  157  20:52  Widow Mine x3  
  154  20:57  Marine  
  154  20:58  Marauder x2, Marine x2  
  154  20:59  Marauder x2, Marine x4  
  154  21:00  Marauder  
  171  21:05  Marine  
  171  21:09  Missile Turret  
  171  21:10  Marine  
  173  21:13  Widow Mine x3  
  173  21:15  Missile Turret, Marine  
  173  21:16  Missile Turret  
  180  21:22  Marauder, Marine x4  
  176  21:41  Marine x4  
  176  21:42  Marauder x2, Marine  
  176  21:44  Widow Mine x3  
  191  21:58  Orbital Command  
  191  22:11  Marauder x4, Marine  
  185  22:19  Marauder, Marine x3  
  185  22:20  Marauder  
  185  22:22  Refinery x2  
  192  22:28  Widow Mine x3  
  198  22:36  Marine x3  
  187  22:37  Marauder  
  135  22:45  Marine x2  
  135  22:46  Marine  
  135  22:49  Marine x7, Widow Mine  
  99  22:54  Marine x3  
  99  22:57  Widow Mine  
  99  22:58  Marine  
  92  23:03  Marine x2  
  92  23:04  Marine  
  95  23:09  Marine x7  
  95  23:12  Marine x3  
  105  23:14  Refinery  
  105  23:15  Refinery  
  105  23:16  Marine  
  106  23:21  Marine x2  
  106  23:22  Marine  
  106  23:25  Medivac  
  111  23:27  Marine x7  
  111  23:29  Widow Mine x2, Marine  
  111  23:30  Marine  
  111  23:34  Marauder, Marine  
  127  23:39  Marine x2  
  127  23:40  Orbital Command  
  87  24:00  Widow Mine  
  87  24:01  Widow Mine  
  95  24:03  Marine x11  
  95  24:04  Marine x3  
Tags
 
Add a new tag
Caveats
  • Supply blocks, unpowered buildings, or Contaminate may cause inaccurate times.
  • Supply counts are checked every 10 seconds.